 Dungeon Crawl Stone Soup version 0.18-a0-5-gf1fb587 (webtiles) character file.

3028 TruthSerum the Fighter (level 9, -7/86 HPs)
             Began as a Minotaur Fighter on Oct 31, 2015.
             Was an Elder of Okawaru.
             Mangled by a wolf (8 damage)
             ... led by Grum
             ... on level 8 of the Dungeon.
             The game lasted 00:31:31 (5855 turns).

TruthSerum the Fighter (Minotaur Fighter)           Turns: 5855, Time: 00:31:31

Health: -7/86      AC: 12    Str: 20 (21) XL:     9   Next: 56%
Magic:  13/13      EV:  5    Int:  7      God:    Okawaru [****..]
Gold:   413        SH:  9    Dex: 12 (13) Spells: 0 memorised, 8 levels left

rFire  + . .     SeeInvis .     d - +0 flail (crush)
rCold  + . .     Clarity  .     h - +0 chain mail
rNeg   . . .     SustAt   .     c - +0 shield
rPois  .         Gourm    +     (helmet restricted)
rElec  .         Spirit   .     q - +0 cloak
rCorr  .         Warding  .     G - +0 pair of gloves
rMut   .         Stasis   .     D - +0 pair of boots
MR     .....                    k - amulet of the gourmand
Stlth  ..........               (no ring)
                                i - ring of protection from fire

@: very slightly contaminated, hasted, very quick, not resistant to hostile
enchantments, extremely unstealthy
A: retaliatory headbutt, horns 2, clever 1, cold resistance 1, deterioration 1,
regeneration 1, spit poison 1, wild magic 1
a: Spit Poison, Heroism, Renounce Religion


You were on level 8 of the Dungeon.
You worshipped Okawaru.
Okawaru was greatly pleased with you.
You were very full.

You visited 2 branches of the dungeon, and saw 9 of its levels.

You collected 413 gold pieces.

Inventory:

Hand Weapons
 d - a +0 flail of crushing (weapon)
Armour
 c - a +0 shield (worn)
 h - a +0 chain mail (worn)
 q - a +0 cloak (worn)
 D - a +0 pair of boots (worn)
 G - a +0 pair of gloves (worn)
Jewellery
 i - a ring of protection from fire (left hand)
 k - an amulet of the gourmand (around neck)
 B - the amulet "Viliereh" {Ward +Blink rN+ Str+7 Int+4 Dex+4, unknown}
   (You found it on level 7 of the Dungeon)

   [amulet of warding]

   It may prevent the melee attacks of summoned creatures.
   It affects your strength (+7).
   It affects your intelligence (+4).
   It affects your dexterity (+4).
   It protects you from negative energy.
   It lets you blink.
Scrolls
 a - a scroll of teleportation {unknown}
 f - a scroll of magic mapping {unknown}
 j - 3 scrolls of random uselessness {unknown}
 l - 2 scrolls of recharging {unknown}
 m - a scroll of remove curse {unknown}
 s - a scroll of enchant armour {unknown}
 v - 4 scrolls of immolation {unknown}
 x - a scroll of amnesia {unknown}
 y - 3 scrolls of enchant weapon {unknown}
 z - a scroll of noise {unknown}
 F - a scroll of fear {unknown}
Potions
 b - 3 potions of haste
 g - 5 potions of curing
 o - 4 potions of flight
 r - a potion of cure mutation
 w - a potion of magic
 C - 2 potions of lignification
Comestibles
 e - 8 bread rations
 n - 3 meat rations
 p - 3 beef jerkies
 t - 3 fruits
 u - 8 slices of pizza
 A - 5 chunks of flesh


   Skills:
 + Level 10.6 Fighting
 + Level 9.6 Maces & Flails
 - Level 3.6 Armour
 - Level 3.6 Shields
 + Level 6.8 Invocations


You had 8 spell levels left.
You didn't know any spells.

Dungeon Overview and Level Annotations

Branches:
Dungeon (8/15)             Temple (1/1) D:4
   Lair: D:8-11

Altars:
Cheibriados
Dithmenos
Elyvilon
Fedhas
Gozag
Kikubaaqudgha
Makhleb
Nemelex Xobeh
Okawaru
Qazlal
Ru
Sif Muna
Trog
Vehumet
Xom
Yredelemnul
Zin
The Shining One

Shops:
D:4 }   D:6 :

Annotations:
D:8 Grum


Innate Abilities, Weirdness & Mutations

You reflexively headbutt those who attack you in melee.
You have a pair of horns on your head.
Your mind is acute. (Int +2)
Your flesh is cold resistant.
Your body sometimes deteriorates upon taking damage.
Your natural rate of healing is unusually fast.
You can spit weak poison.
Your spells are a little harder to cast, but a little more powerful.


Message History

You closely miss the wolf.
The wolf is lightly wounded.
The wolf bites you.
* * * LOW HITPOINT WARNING * * *
Grum hits you from afar with a glaive!
* * * LOW HITPOINT WARNING * * *
Your body deteriorates!
You feel weakened.
You feel yourself speed up. The wolf bites you but does no damage.
You block the wolf's attack.
You are very lightly contaminated with residual magic.
You closely miss the wolf.
The wolf is lightly wounded.
The wolf bites you.
* * * LOW HITPOINT WARNING * * *
Grum hits you from afar with a glaive.
* * * LOW HITPOINT WARNING * * *
You closely miss the wolf.
The wolf is lightly wounded.
You block the wolf's attack. The wolf bites you!
You die...

. $.. #+# . .....#####.##
#.## #.Ogh.#..# ... .
......†#@#..####.#..#...#
####.###.........#.......
#.............#.......
#####.................
####..............
###............
#.......#....
##...........
##...[.....#


You could see Grum, an ogre and a wolf.

Vanquished Creatures
  A wyvern (D:8)
  A human (D:7)
  2 wolves (D:8)
  A hippogriff (D:7)
  Menkaure (D:5)
  Edmund (D:5)
  A sky beast (D:7)
  3 ice beasts
  A black bear (D:7)
  A phantom (D:7)
  4 ogres
  2 centaurs
  A big kobold (D:7)
  Blork the orc (D:5)
  A scorpion (D:7)
  A centaur zombie (D:8)
  A giant frog zombie (D:7)
  A jelly (D:6)
  4 crimson imps
  2 orc priests
  An orc wizard (D:6)
  A hound (D:5)
  7 worker ants
  An iguana (D:5)
  4 sheep (D:7)
  3 gnolls (D:3)
  14 adders
  An ooze (D:5)
  2 adder skeletons
  5 worms
  5 giant geckos
  22 orcs
  4 bats
  8 giant cockroaches
  3 hobgoblins
  3 quokkas
  2 ball pythons
  3 giant newts
  11 goblins
  3 jackals (D:6)
  2 jackal skeletons
  A jackal zombie (D:5)
  15 kobolds
  8 rats
160 creatures vanquished.

Vanquished Creatures (others)
  A bush (D:5)
1 creature vanquished.

Grand Total: 161 creatures vanquished

Notes
Turn   | Place    | Note
--------------------------------------------------------------
     0 | D:1      | TruthSerum the Minotaur Fighter began the quest for the Orb.
     0 | D:1      | Reached XP level 1. HP: 19/19 MP: 0/0
     0 | D:1      | Noticed a vine stalker zombie
     0 | D:1      | Noticed a vine stalker zombie
     2 | D:1      | Noticed a draconian zombie
     7 | D:1      | Noticed a human zombie
     8 | D:1      | Noticed a formicid zombie
    10 | D:1      | Noticed an octopode zombie
    10 | D:1      | Noticed a draconian zombie
    14 | D:1      | Noticed an elf zombie
    16 | D:1      | Noticed a draconian zombie
   264 | D:1      | Reached skill level 4 in Fighting
   282 | D:1      | Reached XP level 2. HP: 27/27 MP: 1/1
   750 | D:2      | Reached XP level 3. HP: 12/34 MP: 2/2
   828 | D:2      | Found a glowing golden altar of the Shining One.
   994 | D:2      | Reached skill level 5 in Fighting
   996 | D:2      | Found a deep blue altar of Sif Muna.
  1045 | D:2      | Reached XP level 4. HP: 26/42 MP: 3/3
  1505 | D:3      | Reached XP level 5. HP: 38/50 MP: 4/4
  1561 | D:3      | Reached skill level 6 in Fighting
  1575 | D:3      | Reached skill level 5 in Maces & Flails
  1841 | D:3      | Found a bloodstained altar of Trog.
  2257 | D:4      | Found a staircase to the Ecumenical Temple.
  2263 | Temple   | Entered the Ecumenical Temple
  2317 | Temple   | Became a worshipper of Warmaster Okawaru
  2442 | D:4      | Reached XP level 6. HP: 54/58 MP: 5/5
  2706 | D:4      | Found Afucouv's Gadget Boutique.
  2840 | D:5      | Entered Level 5 of the Dungeon
  2862 | D:5      | Reached skill level 1 in Invocations
  2892 | D:5      | Reached skill level 7 in Fighting
  2918 | D:5      | Noticed Blork the orc
  2926 | D:5      | Killed Blork the orc
  2931 | D:5      | Noticed Menkaure
  2940 | D:5      | Killed Menkaure
  2940 | D:5      | Reached * piety under Okawaru
  2940 | D:5      | Reached XP level 7. HP: 66/66 MP: 7/7
  2957 | D:5      | Noticed Edmund
  2965 | D:5      | Killed Edmund
  3114 | D:5      | Reached ** piety under Okawaru
  3125 | D:5      | Reached skill level 8 in Fighting
  3353 | D:5      | Reached XP level 8. HP: 73/75 MP: 8/10
  3389 | D:5      | Found a shimmering altar of Xom.
  3392 | D:5      | Found a white marble altar of Elyvilon.
  4293 | D:6      | Found Qugaq's Book Boutique.
  4345 | D:6      | Found a stormy altar of Qazlal.
  4505 | D:6      | Reached skill level 9 in Fighting
  4505 | D:6      | Reached skill level 5 in Invocations
  4749 | D:7      | Reached *** piety under Okawaru
  5122 | D:7      | Reached XP level 9. HP: 68/85 MP: 12/12
  5234 | D:7      | Found a stormy altar of Qazlal.
  5328 | D:7      | Gained mutation: You can spit weak poison. [potion of mutation]
  5328 | D:7      | Gained mutation: Your flesh is cold resistant. [potion of mutation]
  5328 | D:7      | Gained mutation: Your mind is acute. (Int +2) [potion of mutation]
  5329 | D:7      | Gained mutation: Your natural rate of healing is unusually fast. [potion of mutation]
  5329 | D:7      | Gained mutation: Your body sometimes deteriorates upon taking damage. [potion of mutation]
  5329 | D:7      | Gained mutation: Your spells are a little harder to cast, but a little more powerful. [potion of mutation]
  5358 | D:7      | Reached skill level 10 in Fighting
  5382 | D:7      | Got a brightly glowing ruby amulet
  5582 | D:7      | Reached **** piety under Okawaru
  5835 | D:8      | Noticed Grum
  5854 | D:8      | HP: 4/86 [wolf[Grum] (4)]
  5854 | D:8      | HP: 1/86 [Grum/glaive (3)]
  5855 | D:8      | Mangled by a wolf

Vault maps used:
D:1:      shiori_arrival_whats_in_store_for_you
D:2:      marbit_many_paths, tso_metal_star
D:3:      bloody_trog
D:4:      minmay_temple_entry_fiery, first_bread, serial_shops, shop,
          kennysheep_another_room
D:5:      grunt_temple_overflow_open, hex_large, kb_lookout_dungeons_type,
          uniq_menkaure, uniq_edmund, uniq_blork_the_orc
D:6:      nicolae_overflow_crystal_walls, serial_shops, nicolae_shop_stone
D:7:      basic_altar, grunt_livestock
D:8:      minmay_four_partial_circles, lemuel_round_altar, uniq_grum
Temple:   circular_temple_12

Action                   |  1- 3 |  4- 6 |  7- 9 || total
-------------------------+-------+-------+-------++-------
Melee: Flail             |   104 |   148 |   273 ||   525
  Use: Potion            |       |     1 |     3 ||     4
       Scroll            |       |       |    10 ||    10
  Eat: Chunk             |     1 |     6 |    25 ||    32
